Map: [Official] The Hunters

Players

ZombieGrub

  • Race: Terran Terran
  • Spawn Location: 11:00

State

  • Race: Protoss Protoss
  • Spawn Location: 5:00

PiG

  • Race: Protoss Protoss
  • Spawn Location: 6:00

Lambo

  • Race: Zerg Zerg
  • Spawn Location: 1:00

Magnath

  • Race: Protoss Protoss
  • Spawn Location: 9:00

Rotterdam - Winner!

  • Race: Protoss Protoss
  • Spawn Location: 12:00

DeMu

  • Race: Protoss Protoss
  • Spawn Location: 7:00

Lokman

  • Race: Terran Terran
  • Spawn Location: 3:00

Event: Esports World Cup 2024

VOD

Have the link to the VOD?

Description

Time

  • Played on: Aug. 18, 2024, 10:31 a.m.
  • Length: 28:46
Show
View Real Time Build Order
Export as new Build Order

ZombieGrub Terran 

Build Orders: Mech 

Get SALT Encoding   

  12  0:00  SCV  
  13  0:12  SCV  
  14  0:24  SCV  
  14  0:26  Supply Depot  
  15  0:39  SCV  
  15  0:52  SCV  
  15  0:55  Barracks  
  16  1:05  SCV  
  17  1:17  SCV  
  17  1:29  SCV  
  18  1:41  SCV  
  18  1:46  Command Center  
  19  1:52  Supply Depot  
  19  1:53  SCV  
  19  1:54  Marine  
  21  2:03  Bunker  
  21  2:05  SCV  
  21  2:07  Refinery  
  22  2:13  Supply Depot  
  22  2:16  Marine  
  22  2:19  SCV  
  24  2:28  Refinery  
  24  2:35  Orbital Command  
  24  2:46  Marine  
  25  2:58  Orbital Command  
  25  3:03  SCV  
  26  3:07  Bunker  
  26  3:12  Factory  
  26  3:18  SCV  
  27  3:26  Marine  
  28  3:30  SCV  
  28  3:31  Factory  
  29  3:35  Orbital Command  
  29  3:42  SCV  
  29  3:45  Supply Depot  
  29  3:47  Barracks Reactor  
  30  3:54  SCV  
  30  3:55  Starport  
  31  4:00  Factory Tech Lab  
  31  4:03  SCV  
  31  4:06  SCV  
  33  4:12  Supply Depot  
  33  4:15  SCV  
  34  4:18  SCV  
  34  4:19  Siege Tank  
  38  4:28  SCV  
  38  4:30  SCV  
  40  4:32  Starport Tech Lab  
  40  4:35  Engineering Bay  
  40  4:40  SCV  
  40  4:42  SCV  
  40  4:43  Barracks Tech Lab  
  40  4:45  Refinery  
  42  4:47  Refinery  
  42  4:52  SCV  
  46  4:54  Supply Depot, SCV, Banshee  
  49  5:00  Hellion x2  
  49  5:04  SCV  
  49  5:07  SCV  
  53  5:11  Cyclone  
  55  5:16  SCV  
  55  5:18  Cloaking Field  
  55  5:20  Hurricane Engines  
  56  5:22  SCV  
  56  5:25  Supply Depot  
  56  5:28  SCV, Hellion x2  
  62  5:34  Supply Depot, SCV  
  63  5:38  Banshee  
  63  5:40  SCV  
  67  5:45  Cyclone  
  67  5:46  SCV  
  70  5:52  SCV  
  71  5:58  SCV  
  71  6:00  Cyclone  
  71  6:01  Cyclone  
  76  6:04  SCV  
  77  6:17  SCV, Cyclone  
  80  6:23  Missile Turret  
  80  6:33  Cyclone x2  
  80  6:34  Banshee  
  87  6:41  SCV  
  87  6:43  Bunker  
  86  6:49  Cyclone  
  86  6:58  SCV  
  81  7:05  Cyclone, Hellion  
  83  7:19  Armory  
  83  7:21  SCV  
  80  7:23  Factory  
  80  7:24  Factory  
  80  7:28  Cyclone x2  
  82  7:37  Cyclone  
  75  7:47  Missile Turret  
  75  7:53  SCV, Missile Turret  
  75  8:00  Cyclone  
  75  8:01  SCV  
  75  8:04  Fusion Core  
  78  8:15  Supply Depot x2  
  78  8:16  Supply Depot  
  78  8:19  Command Center  
  78  8:24  Factory Tech Lab  
  78  8:27  Starport  
  78  8:36  Cyclone x3  
  78  8:37  Hellion  
  86  8:45  Terran Ship Weapons Level 1  
  86  8:49  Hi-Sec Auto Tracking  
  86  8:52  Armory  
  86  8:58  Cyclone  
  86  9:00  Cyclone  
  90  9:08  Starport Tech Lab, Cyclone x2  
  94  9:18  Starport  
  94  9:28  Battlecruiser  
  94  9:31  Supply Depot, Battlecruiser  
  106  9:34  Supply Depot  
  106  9:35  Missile Turret x2  
  106  9:36  Supply Depot  
  100  9:51  Orbital Command  
  100  9:58  Terran Vehicle And Ship Armor Level 1  
  100  10:03  Hellion x5  
  110  10:20  Battlecruiser  
  116  10:21  Weapon Refit  
  116  10:24  Hellion x3  
  116  10:47  Battlecruiser  
  116  10:51  Hellion x5  
  116  10:56  Supply Depot  
  126  11:12  Hellion  
  126  11:14  Battlecruiser  
  134  11:19  Supply Depot x2  
  134  11:51  Battlecruiser  
  140  11:59  Terran Vehicle And Ship Armor Level 2  
  134  13:00  Battlecruiser x2  
  144  13:18  Battlecruiser  
  144  13:50  Terran Ship Weapons Level 2  
  144  13:54  Hellion x2  
  144  13:55  Hellion x3  
  152  14:07  Battlecruiser  
  158  14:13  Supply Depot  
  158  14:15  Supply Depot  
  158  14:16  Hellion x2  
  160  14:34  Battlecruiser  
  152  14:39  Hellion x3  
  148  14:58  Battlecruiser  
  152  15:03  Missile Turret  
  152  15:05  Missile Turret  
  152  15:06  Missile Turret  
  152  15:07  Missile Turret  
  152  15:08  Missile Turret x2  
  152  15:09  Sensor Tower  
  152  15:20  Missile Turret  
  152  15:21  Missile Turret x2  
  158  15:35  Battlecruiser  
  158  16:02  Battlecruiser  
  164  16:05  Orbital Command  
  160  16:27  Terran Ship Weapons Level 3  
  160  16:59  Siege Tank, Hellion  
  165  17:08  Battlecruiser  
  169  17:12  Missile Turret  
  169  17:13  Refinery  
  169  17:14  Missile Turret  
  169  17:15  Refinery, Missile Turret  
  167  17:16  Missile Turret x2  
  167  17:17  Missile Turret  
  167  17:18  Missile Turret  
  157  17:33  Thor  
  157  17:35  Widow Mine x2  
  157  17:36  Widow Mine x2  
  169  17:39  Supply Depot  
  169  17:57  Widow Mine  
  169  17:58  Battlecruiser  
  177  18:01  Drilling Claws  
  177  18:16  Refinery  
  177  18:18  Thor  
  183  18:46  Thor  
  183  18:47  Widow Mine x3  
  193  18:53  Terran Vehicle And Ship Armor Level 3  
  184  19:21  Hellion  
  178  19:49  Battlecruiser  
  178  19:52  Missile Turret  
  187  20:14  Siege Tank  
  187  20:29  Hellion, Hellbat  
  119  22:00  Medivac  
  117  22:51  Refinery  
  117  22:57  Orbital Command  
  111  23:00  Orbital Command  
  109  23:31  Widow Mine  
  111  23:57  SCV x2  
  107  24:43  Battlecruiser  
  89  25:39  Battlecruiser  
  95  26:05  Widow Mine  
  91  27:02  Factory Reactor  
  91  27:03  Widow Mine x2  
  91  27:05  Widow Mine  
Show
View Real Time Build Order
Export as new Build Order

State Protoss 

Build Orders: Nexus First, Phoenix Opening, Carriers 

Get SALT Encoding   

  12  0:00  Probe  
  13  0:12  Probe  
  14  0:20  Pylon  
  14  0:25  Probe  
  15  0:38  Probe (Chrono Boost)  
  16  0:48  Probe (Chrono Boost)  
  17  1:04  Nexus  
  17  1:15  Gateway  
  17  1:18  Probe  
  18  1:23  Assimilator  
  18  1:28  Assimilator  
  18  1:32  Probe  
  19  1:45  Probe  
  20  1:50  Gateway  
  20  1:57  Probe  
  21  2:03  Cybernetics Core  
  21  2:11  Probe (Chrono Boost)  
  22  2:18  Probe (Chrono Boost)  
  23  2:25  Probe (Chrono Boost)  
  23  2:28  Probe (Chrono Boost)  
  25  2:30  Pylon, Probe (Chrono Boost)  
  25  2:35  Probe (Chrono Boost)  
  27  2:40  Sentry  
  27  2:41  Warp Gate, Probe (Chrono Boost)  
  30  2:47  Probe (Chrono Boost)  
  30  2:50  Sentry  
  33  2:56  Probe x2 (Chrono Boost)  
  35  3:04  Probe (Chrono Boost)  
  35  3:05  Forge  
  36  3:08  Probe (Chrono Boost)  
  36  3:11  Phoenix  
  39  3:20  Probe (Chrono Boost), Pylon  
  39  3:22  Probe (Chrono Boost)  
  39  3:24  Sentry  
  39  3:26  Probe (Chrono Boost)  
  42  3:29  Probe (Chrono Boost)  
  42  3:33  Stalker  
  45  3:34  Probe  
  45  3:40  Probe  
  47  3:41  Assimilator  
  47  3:47  Probe  
  48  3:51  Shield Battery, Photon Cannon  
  48  3:52  Probe  
  49  3:59  Probe  
  49  4:00  Assimilator, Phoenix  
  49  4:01  Stargate  
  50  4:05  Shield Battery, Probe  
  51  4:11  Probe  
  52  4:18  Shield Battery, Probe  
  54  4:28  Protoss Ground Weapons Level 1  
  54  4:34  Probe, Pylon  
  54  4:42  Pylon  
  54  4:44  Pylon  
  54  4:51  Fleet Beacon, Stargate  
  54  4:52  Probe  
  55  4:56  Probe  
  56  5:00  Phoenix, Pylon  
  56  5:04  Probe  
  56  5:06  Protoss Air Weapons Level 1 (Chrono Boost)  
  57  5:08  Probe  
  57  5:14  Gateway  
  58  5:16  Gateway  
  58  5:23  Photon Cannon  
  60  5:37  Carrier (Chrono Boost)  
  60  5:39  Carrier (Chrono Boost)  
  70  5:46  Probe x2  
  72  5:52  Pylon  
  72  5:58  Probe  
  72  6:02  Probe  
  74  6:05  Cybernetics Core  
  74  6:10  Probe  
  74  6:11  Pylon  
  75  6:14  Photon Cannon  
  75  6:15  Photon Cannon  
  75  6:17  Shield Battery  
  75  6:19  Probe  
  76  6:31  Shield Battery, Probe  
  77  6:34  Photon Cannon  
  77  6:38  Protoss Shields Level 1  
  77  6:53  Protoss Air Armor Level 1 (Chrono Boost)  
  77  7:00  Pylon  
  77  7:04  Tempest  
  77  7:06  Protoss Air Weapons Level 2 (Chrono Boost)  
  82  7:09  Gateway  
  82  7:11  Gateway  
  81  7:17  Twilight Council  
  81  7:19  Oracle  
  84  7:33  Stalker x3  
  90  8:03  Gateway x2  
  90  8:06  Pylon  
  90  8:07  Pylon  
  90  8:14  Gateway  
  90  8:15  Pylon, Photon Cannon  
  90  8:18  Pylon  
  90  8:30  Tempest x2  
  100  8:49  Probe x2  
  100  8:53  Charge (Chrono Boost), Protoss Shields Level 2  
  100  8:55  Protoss Air Armor Level 2 (Chrono Boost)  
  102  9:31  Photon Cannon  
  102  9:32  Photon Cannon  
  102  9:33  Shield Battery  
  102  9:36  Gateway, Protoss Air Weapons Level 3 (Chrono Boost)  
  102  9:37  Gateway  
  102  9:41  Dark Shrine  
  108  10:20  Photon Cannon  
  108  10:21  Unknown  
  108  10:23  Pylon  
  108  10:26  Shield Battery, Blink  
  108  10:28  Carrier x2  
  114  10:29  Shield Battery  
  114  10:31  Pylon  
  114  10:35  Shield Battery  
  114  10:36  Shield Battery  
  114  10:37  Shield Battery  
  114  10:38  Probe x2  
  114  10:39  Pylon  
  116  10:50  Probe x2  
  118  11:01  Gateway x2  
  115  11:04  Photon Cannon  
  115  11:07  Photon Cannon  
  115  11:10  Photon Cannon  
  115  11:12  Shield Battery  
  115  11:32  Carrier  
  127  11:39  Mothership  
  127  11:50  Pylon  
  127  11:52  Pylon  
  127  12:01  Zealot x2  
  129  12:03  Zealot x2  
  135  12:09  Tempest  
  124  12:24  Zealot x3  
  124  12:25  Zealot  
  126  12:35  Stalker x2  
  126  12:36  Stalker, Carrier  
  132  12:37  Zealot x3  
  138  12:45  Zealot x3  
  136  12:57  Zealot x3  
  134  13:04  Probe x2  
  130  13:08  Zealot x2  
  132  13:16  Probe  
  132  13:17  Forge, Probe  
  134  13:28  Probe  
  134  13:29  Probe  
  134  13:32  Tempest  
  141  13:34  Pylon  
  141  13:41  Pylon, Probe x2  
  143  13:51  Protoss Shields Level 3 (Chrono Boost)  
  143  14:08  Nexus  
  143  14:13  Probe x2  
  143  14:15  Protoss Air Armor Level 3  
  145  14:22  Stargate  
  145  14:24  Stargate  
  145  14:25  Probe  
  145  14:28  Oracle  
  145  14:31  Probe  
  150  14:37  Probe  
  150  14:42  Photon Cannon x2  
  150  14:45  Photon Cannon  
  150  14:47  Shield Battery x2  
  150  14:55  Probe  
  150  14:59  Probe  
  152  15:07  Probe  
  152  15:10  Pylon  
  152  15:13  Carrier  
  159  15:20  Carrier  
  164  15:39  Pylon  
  164  15:42  Pylon, Photon Cannon  
  164  15:43  Photon Cannon  
  164  15:46  Photon Cannon x2  
  162  16:07  Photon Cannon  
  162  16:09  Photon Cannon  
  162  16:12  Photon Cannon x2  
  159  16:21  Carrier  
  163  16:27  Probe x2  
  163  16:30  Carrier  
  171  16:39  Stalker x2  
  175  16:45  Protoss Ground Weapons Level 2  
  175  17:00  Carrier  
  181  17:10  Photon Cannon  
  180  17:32  Templar Archives  
  179  17:53  Nexus  
  179  17:56  Carrier  
  185  18:03  Pylon  
  177  18:31  Psionic Storm  
  177  18:33  High Templar  
  178  18:51  High Templar x2  
  179  19:12  Photon Cannon  
  179  19:13  Photon Cannon  
  175  19:26  High Templar  
  175  19:27  High Templar  
  179  19:48  Nexus  
  179  20:05  Pylon  
  179  20:45  Shield Battery x2  
  179  20:54  High Templar  
  178  21:27  Assimilator  
  178  21:29  Assimilator  
  177  22:02  Tempest  
  177  22:03  High Templar x3  
  177  22:04  High Templar  
  187  22:38  Nexus  
  186  22:45  Pylon  
  186  23:06  Robotics Facility  
  186  23:37  Nexus  
  186  23:40  Photon Cannon  
  186  23:41  Photon Cannon  
  186  23:42  Assimilator, Shield Battery  
  186  23:48  Assimilator  
  186  23:56  Observer  
  186  23:59  Protoss Ground Weapons Level 3  
  187  24:08  Pylon  
  187  24:14  Carrier  
  187  24:16  High Templar x3  
  199  24:25  Shield Battery  
  199  24:40  Photon Cannon  
  199  24:45  Photon Cannon  
  197  25:30  Mothership (Chrono Boost)  
  185  25:54  Stalker x3  
  185  25:55  Stalker x2  
  189  26:25  Photon Cannon  
  189  26:27  Photon Cannon  
  189  26:29  Photon Cannon  
  189  26:33  Oracle  
  189  26:37  Protoss Ground Armor Level 1  
  192  26:54  Photon Cannon  
  192  26:57  Pylon  
  192  26:59  Photon Cannon  
  192  27:00  Photon Cannon  
  190  27:09  Shield Battery x2  
  190  27:12  Nexus  
  190  27:21  Pylon  
  190  27:22  Pylon  
  188  27:25  Pylon  
  188  27:34  Pylon  
  154  28:05  High Templar x12  
  162  28:06  High Templar  
  162  28:11  Archon x2  
  162  28:12  Archon x3  
  170  28:13  Archon x2  
Show
View Real Time Build Order
Export as new Build Order

PiG Protoss 

Build Orders:  

Get SALT Encoding   

  12  0:01  Probe  
  13  0:13  Probe  
  14  0:23  Pylon  
  14  0:26  Probe  
  15  0:41  Probe (Chrono Boost)  
  16  0:45  Gateway  
  16  0:55  Probe (Chrono Boost)  
  17  0:58  Assimilator  
  17  1:01  Probe  
  18  1:13  Gateway  
  18  1:14  Probe  
  19  1:26  Probe  
  20  1:33  Cybernetics Core  
  20  1:36  Zealot  
  22  1:44  Pylon  
  22  1:45  Probe  
  23  2:08  Adept (Chrono Boost)  
  23  2:09  Adept (Chrono Boost)  
  27  2:24  Nexus  
  27  2:52  Probe  
  28  3:04  Probe (Chrono Boost)  
  29  3:11  Stalker  
  31  3:15  Assimilator  
  31  3:21  Warp Gate  
  31  3:25  Pylon  
  31  3:29  Twilight Council  
  31  3:38  Probe (Chrono Boost)  
  32  3:42  Shield Battery, Probe (Chrono Boost)  
  34  3:51  Probe (Chrono Boost)  
  34  3:52  Probe (Chrono Boost)  
  35  3:56  Probe (Chrono Boost)  
  35  4:00  Probe  
  37  4:08  Probe  
  38  4:12  Probe  
  35  4:22  Stalker  
  35  4:26  Probe (Chrono Boost)  
  35  4:30  Robotics Facility  
  35  4:31  Probe (Chrono Boost)  
  35  4:32  Stalker  
  35  4:35  Probe (Chrono Boost)  
  39  4:39  Probe (Chrono Boost)  
  39  4:40  Probe (Chrono Boost)  
  39  4:44  Charge  
  40  4:50  Gateway  
  40  4:52  Gateway  
  40  4:53  Gateway  
  40  4:54  Pylon  
  40  4:57  Probe x2  
  42  5:00  Assimilator  
  42  5:01  Assimilator  
  42  5:12  Zealot x2  
  46  5:18  Observer (Chrono Boost)  
  47  5:25  Robotics Bay  
  47  5:27  Probe (Chrono Boost), Pylon  
  49  5:29  Observer (Chrono Boost)  
  49  5:30  Probe (Chrono Boost)  
  50  5:37  Pylon  
  50  5:38  Probe (Chrono Boost)  
  50  5:42  Probe (Chrono Boost)  
  52  5:43  Zealot x2, Probe (Chrono Boost)  
  57  5:51  Immortal  
  57  5:53  Probe  
  57  5:57  Probe  
  63  6:03  Zealot x2  
  67  6:07  Zealot  
  69  6:21  Robotics Facility  
  69  6:26  Forge  
  69  6:27  Pylon  
  69  6:29  Probe  
  69  6:30  Shield Battery, Zealot  
  72  7:05  Colossus (Chrono Boost)  
  72  7:07  Colossus (Chrono Boost)  
  72  7:10  Extended Thermal Lance (Chrono Boost)  
  72  7:14  Probe  
  72  7:15  Protoss Ground Weapons Level 1  
  85  7:20  Observer  
  85  7:21  Pylon  
  85  7:23  Pylon  
  85  7:27  Observer, Pylon  
  85  7:37  Pylon, Photon Cannon  
  85  7:39  Pylon  
  85  7:55  Templar Archives  
  85  7:59  Sentry  
  85  8:00  Colossus (Chrono Boost)  
  85  8:02  Zealot, Immortal (Chrono Boost)  
  99  8:12  Zealot x2  
  103  8:24  Observer  
  103  8:42  Psionic Storm  
  103  8:47  High Templar  
  103  8:48  High Templar x3  
  111  9:00  Observer  
  111  9:01  Warp Prism  
  114  9:05  Pylon  
  114  9:06  Pylon  
  114  9:08  Pylon  
  114  9:10  Pylon  
  114  9:12  Pylon  
  114  9:14  Pylon  
  114  9:15  Pylon  
  114  9:18  Zealot  
  116  9:25  Gateway  
  116  9:26  Gateway  
  116  9:28  Gateway, Blink (Chrono Boost)  
  116  9:30  Pylon  
  116  9:32  Pylon  
  116  9:36  High Templar  
  116  9:38  Zealot x4  
  126  9:47  Dark Shrine  
  126  9:49  Protoss Ground Weapons Level 2 (Chrono Boost)  
  126  9:51  Pylon  
  126  9:57  Pylon  
  126  9:59  Pylon  
  126  10:15  Gateway  
  126  10:33  Photon Cannon  
  126  10:37  Photon Cannon  
  126  10:42  Zealot x7  
  138  10:43  Zealot  
  142  11:00  Shadow Stride  
  142  11:08  Dark Templar x4  
  150  11:11  Stalker x2  
  150  11:12  Stalker x2  
  150  11:18  Observer  
  157  11:26  Stalker  
  157  11:28  Gateway x2  
  157  11:31  Gateway  
  159  11:49  Stalker x2  
  159  11:50  Stalker x4  
  171  12:00  Stalker  
  173  12:12  Observer  
  173  12:17  Stalker x4  
  173  12:18  Stalker  
  183  12:24  Protoss Shields Level 1 (Chrono Boost)  
  183  12:52  Zealot x7  
  197  13:19  Stalker  
  191  13:59  Stalker x3  
  191  14:00  Stalker  
  199  14:29  Observer  
  199  14:36  Nexus  
  199  14:55  Photon Cannon  
  199  14:57  Photon Cannon x2  
  199  14:58  Photon Cannon x2  
  199  14:59  Protoss Ground Weapons Level 3 (Chrono Boost)  
  199  15:00  Shield Battery x2, Photon Cannon x2  
  199  15:01  Photon Cannon  
  199  15:02  Photon Cannon  
  199  15:04  Photon Cannon  
  199  15:05  Shield Battery  
  199  15:10  Forge  
  187  15:47  Probe  
  182  15:59  Probe  
  182  16:01  Protoss Ground Armor Level 1 (Chrono Boost)  
  181  16:12  Stalker x4, Probe  
  186  16:24  Probe  
  175  17:08  Probe x2  
  175  17:10  Photon Cannon  
  175  17:11  Photon Cannon  
  175  17:14  Observer  
  171  17:20  Probe x2  
  172  17:32  Probe  
  168  18:03  Protoss Shields Level 2 (Chrono Boost)  
  159  18:38  Pylon  
  155  18:52  High Templar x3  
  155  19:06  Cybernetics Core  
  129  19:43  Stalker x6  
  139  19:51  Gateway  
  139  19:55  Gateway x2  
  139  19:56  Pylon  
  139  19:58  Gateway  
  139  20:02  Gateway  
  131  20:30  Stalker x3  
  131  20:31  Stalker x3  
  143  20:43  Dark Templar x3  
  138  22:55  Stargate  
  138  23:05  Observer x2  
  140  23:31  Observer  
  140  23:52  Observer x2  
  141  24:06  Protoss Shields Level 3 (Chrono Boost)  
  141  24:16  Fleet Beacon  
  141  24:31  Protoss Air Weapons Level 1  
  102  25:56  High Templar x6  
  96  26:10  Tempest (Chrono Boost)  
  106  27:05  High Templar x3  
  106  27:06  High Templar  
  106  27:07  High Templar x2  
  113  27:10  Archon x2  
  113  27:11  Archon  
Show
View Real Time Build Order
Export as new Build Order

Lambo Zerg 

Build Orders: Hatch First 

Get SALT Encoding   

  12  0:00  Drone  
  13  0:09  Drone  
  14  0:15  Drone, Extractor  
  15  0:40  Hatchery  
  14  0:45  Drone, Extractor  
  15  0:52  Overlord  
  15  1:05  Spawning Pool  
  14  1:14  Drone x2  
  14  1:17  Drone  
  17  1:26  Drone  
  17  1:31  Extractor  
  17  1:35  Drone  
  18  1:52  Queen x2  
  18  1:53  Zergling x2  
  18  1:54  Drone  
  24  1:59  Drone  
  25  2:04  Drone  
  26  2:11  Overlord  
  26  2:23  Drone  
  26  2:24  Drone  
  28  2:35  Queen x2  
  31  2:40  Metabolic Boost  
  31  2:41  Drone x2  
  33  2:46  Overlord  
  33  2:49  Drone  
  34  2:52  Zergling x2  
  35  3:02  Overlord  
  35  3:06  Drone x4  
  35  3:08  Zergling x2  
  40  3:14  Drone x2  
  40  3:15  Drone  
  43  3:23  Roach Warren  
  43  3:26  Drone x2  
  44  3:30  Overlord  
  44  3:35  Queen  
  44  3:38  Zergling x2  
  47  3:43  Zergling x2  
  47  3:44  Drone x2  
  50  3:48  Extractor  
  50  3:49  Zergling x2  
  50  3:52  Drone x2, Extractor  
  51  3:58  Overlord  
  51  3:59  Drone x3  
  54  4:04  Spore Crawler  
  54  4:06  Spore Crawler  
  52  4:11  Lair  
  52  4:17  Drone x3  
  52  4:23  Zergling x4  
  56  4:28  Extractor  
  54  4:32  Drone  
  54  4:34  Drone x2  
  55  4:41  Drone x3  
  55  4:43  Drone  
  59  4:49  Overlord  
  59  4:50  Overlord  
  58  4:53  Overlord  
  58  4:58  Overlord  
  57  5:03  Zergling x4  
  56  5:10  Drone x2  
  56  5:13  Spire  
  56  5:14  Drone  
  56  5:17  Drone  
  56  5:18  Drone  
  57  5:29  Queen x2  
  41  6:24  Corruptor  
  41  6:25  Corruptor x4  
  40  6:31  Corruptor  
  50  6:40  Corruptor  
  52  6:48  Corruptor  
  52  6:57  Corruptor  
  50  7:10  Corruptor  
  52  7:22  Drone x5  
  57  7:25  Corruptor  
  57  7:28  Drone  
  60  7:41  Corruptor  
  62  7:45  Queen  
  64  7:52  Drone x3  
  64  7:56  Corruptor  
  70  7:58  Drone  
  70  8:01  Evolution Chamber  
  55  8:56  Drone x3, Queen  
  55  8:58  Evolution Chamber  
  51  10:21  Corruptor x6  
  42  11:15  Hatchery  
  41  11:50  Hatchery  
  38  12:41  Corruptor x2  
  42  12:55  Drone  
  42  12:56  Spawning Pool  
  42  13:04  Drone  
  43  13:06  Drone  
  44  13:24  Drone x3  
  44  13:25  Drone  
  48  13:28  Evolution Chamber  
  48  13:33  Drone  
  48  13:36  Drone  
  48  13:41  Extractor  
  48  13:46  Hatchery  
  45  13:56  Drone x3  
  45  13:57  Drone  
  49  14:06  Zerg Missile Weapons Level 1  
  49  14:21  Drone x3  
  52  14:31  Lair  
  52  14:45  Roach Warren  
  52  14:50  Overlord  
  51  14:54  Drone  
  52  15:04  Overlord  
  52  15:17  Mutalisk x2  
  52  15:20  Spore Crawler  
  52  15:38  Mutalisk  
  48  15:48  Overseer  
  35  16:28  Drone  
  35  16:29  Drone x2  
  36  18:08  Drone  
  31  21:32  Drone x3  
  34  21:51  Drone  
  33  23:42  Hatchery  
  33  23:46  Drone  
  31  24:17  Drone  
  24  25:18  Drone  
  24  25:19  Drone x4  
  13  25:46  Drone x2  
  13  25:47  Drone x2  
Show
View Real Time Build Order
Export as new Build Order

Magnath Protoss 

Build Orders:  

Get SALT Encoding   

  12  0:00  Probe  
  13  0:12  Probe  
  14  0:22  Pylon  
  14  0:27  Probe  
  15  0:40  Probe (Chrono Boost)  
  16  0:47  Gateway  
  16  0:52  Probe (Chrono Boost)  
  17  0:57  Probe (Chrono Boost)  
  17  1:00  Assimilator  
  18  1:06  Probe  
  19  1:18  Probe  
  20  1:30  Probe  
  21  1:34  Cybernetics Core  
  21  1:43  Pylon  
  21  1:44  Probe  
  22  1:55  Gateway  
  22  2:00  Nexus  
  22  2:02  Probe  
  22  2:07  Warp Gate (Chrono Boost)  
  23  2:10  Stalker  
  25  2:22  Gateway  
  24  2:27  Probe  
  25  2:39  Probe  
  25  2:40  Stalker  
  25  2:43  Pylon  
  28  2:51  Probe  
  28  2:55  Stalker  
  31  3:03  Probe  
  32  3:11  Stalker  
  34  3:15  Probe (Chrono Boost)  
  34  3:16  Probe (Chrono Boost)  
  37  3:27  Probe (Chrono Boost)  
  37  3:28  Probe (Chrono Boost)  
  38  3:35  Probe x2 (Chrono Boost)  
  40  3:41  Probe  
  40  3:42  Probe  
  41  3:52  Stalker x2  
  41  3:54  Probe x2  
  47  3:59  Stalker  
  47  4:01  Assimilator  
  47  4:02  Pylon  
  49  4:06  Probe x2  
  51  4:18  Probe x2  
  53  4:26  Stalker  
  53  4:30  Assimilator, Probe x2  
  57  4:42  Probe x2  
  59  4:49  Stalker  
  61  4:54  Probe  
  61  4:56  Pylon  
  61  4:58  Assimilator  
  62  5:14  Probe x2  
  62  5:19  Robotics Facility  
  64  5:22  Stalker x2, Twilight Council  
  64  5:23  Stalker  
  64  5:25  Pylon  
  64  5:26  Forge  
  64  5:27  Shield Battery  
  70  5:29  Shield Battery  
  70  5:43  Probe x2  
  70  5:46  Nexus  
  70  5:55  Probe x2  
  69  6:07  Probe  
  66  6:31  Stalker  
  66  6:32  Stalker x2  
  71  6:34  Charge (Chrono Boost)  
  71  6:35  Probe  
  71  6:36  Observer (Chrono Boost), Photon Cannon x2  
  73  6:40  Probe, Photon Cannon  
  74  6:47  Probe  
  70  7:01  Stalker x2  
  70  7:02  Stalker  
  70  7:03  Nexus  
  57  7:08  Probe  
  57  7:15  Gateway  
  55  7:16  Gateway, Probe  
  55  7:18  Gateway  
  55  7:20  Gateway, Probe  
  56  7:23  Gateway  
  56  7:27  Sentry  
  56  7:28  Sentry, Probe, Photon Cannon  
  61  7:30  Protoss Ground Weapons Level 1 (Chrono Boost)  
  61  7:33  Probe  
  62  7:40  Probe  
  63  7:50  Adept x2  
  63  7:51  Adept  
  69  7:53  Probe  
  71  8:10  Forge  
  50  8:42  Zealot x3  
  50  8:45  Probe (Chrono Boost)  
  56  8:50  Probe (Chrono Boost)  
  56  8:54  Probe (Chrono Boost)  
  55  8:58  Probe (Chrono Boost)  
  55  8:59  Probe (Chrono Boost)  
  55  9:09  Probe  
  56  9:11  Probe  
  56  9:13  Stalker x2  
  56  9:14  Stalker, Immortal (Chrono Boost)  
  56  9:15  Blink (Chrono Boost)  
  65  9:21  Probe  
  65  9:23  Protoss Ground Weapons Level 2 (Chrono Boost), Probe  
  67  9:33  Probe, Photon Cannon  
  67  9:35  Probe  
  69  9:45  Probe  
  70  9:47  Probe  
  71  9:54  Adept x2  
  71  9:56  Adept  
  71  9:57  Probe  
  78  10:04  Pylon  
  78  10:22  Observer, Probe x2  
  79  10:34  Probe x2  
  77  10:46  Probe  
  77  10:47  Probe  
  77  10:51  Stalker x2  
  77  10:52  Stalker x3  
  82  10:58  Probe  
  82  11:03  Stalker x3  
  85  11:08  Pylon  
  85  11:10  Shield Battery, Probe  
  86  11:15  Pylon  
  86  11:21  Pylon  
  86  11:26  Probe  
  86  11:28  Protoss Ground Armor Level 1 (Chrono Boost)  
  86  11:30  Probe  
  85  11:37  Stalker x4  
  84  11:48  Adept  
  84  11:49  Adept  
  84  11:51  Probe  
  81  12:07  Probe  
  72  12:09  Stalker x2  
  72  12:10  Stalker  
  72  12:12  Probe  
  75  12:18  Stalker  
  75  12:20  Probe  
  66  12:47  Probe  
  66  12:49  Stalker x2  
  66  12:50  Stalker x4  
  79  12:53  Probe  
  79  12:55  Stalker  
  78  13:07  Probe  
  69  13:15  Probe  
  69  13:18  Stalker x2  
  69  13:19  Stalker x2  
  76  13:21  Probe  
  76  13:47  Probe  
  69  14:06  Stalker x3  
  69  14:07  Stalker x2  
  69  14:09  Stalker  
  71  14:20  Stalker x2  
  55  14:32  Probe  
  55  14:37  Stalker x2  
  44  14:43  Pylon  
  30  14:53  Nexus  
  19  21:14  Observer  
  11  22:04  Observer  
Show
View Real Time Build Order
Export as new Build Order

Rotterdam Protoss - Winner!

Build Orders: Carriers 

Get SALT Encoding   

  12  0:00  Probe  
  13  0:13  Probe  
  14  0:18  Pylon  
  14  0:25  Probe  
  15  0:36  Gateway  
  15  0:40  Probe (Chrono Boost)  
  16  0:52  Probe (Chrono Boost)  
  16  0:53  Assimilator  
  17  0:59  Assimilator  
  17  1:01  Probe (Chrono Boost)  
  18  1:09  Probe  
  19  1:21  Probe  
  19  1:23  Cybernetics Core  
  20  1:27  Pylon  
  20  1:33  Probe (Chrono Boost)  
  21  1:45  Probe (Chrono Boost)  
  22  1:50  Probe (Chrono Boost)  
  23  1:59  Probe  
  23  2:00  Adept  
  26  2:10  Stargate  
  26  2:17  Forge  
  26  2:20  Pylon  
  26  2:41  Probe  
  27  2:44  Protoss Air Weapons Level 1  
  27  2:53  Photon Cannon  
  27  2:54  Shield Battery  
  27  3:09  Fleet Beacon  
  27  3:12  Probe  
  28  3:24  Probe  
  29  3:36  Nexus  
  29  3:39  Probe  
  30  3:49  Tempest (Chrono Boost)  
  30  3:51  Probe  
  36  3:58  Pylon  
  36  4:10  Pylon  
  36  4:22  Tempest (Chrono Boost)  
  41  4:27  Probe  
  42  4:53  Tempest (Chrono Boost)  
  47  5:05  Probe x2  
  49  5:17  Probe x2  
  51  5:28  Stargate  
  51  5:38  Probe x2  
  53  5:58  Probe x2  
  53  6:01  Carrier (Chrono Boost)  
  61  6:10  Probe x2  
  63  6:22  Probe  
  64  6:32  Photon Cannon  
  64  6:33  Photon Cannon  
  64  6:35  Photon Cannon  
  64  6:37  Pylon  
  59  7:03  Protoss Air Weapons Level 2 (Chrono Boost)  
  54  7:21  Photon Cannon  
  54  7:26  Phoenix x2 (Chrono Boost)  
  54  7:28  Photon Cannon  
  58  7:33  Pylon  
  58  7:42  Phoenix (Chrono Boost)  
  58  7:43  Pylon  
  58  7:59  Probe x2  
  60  8:07  Phoenix  
  60  8:08  Nexus  
  60  8:11  Assimilator, Probe x2, Pylon x2  
  64  8:14  Assimilator  
  64  8:20  Pylon  
  64  8:23  Phoenix, Probe x2  
  68  8:31  Photon Cannon  
  68  8:34  Photon Cannon  
  68  8:35  Probe  
  68  8:36  Photon Cannon  
  68  8:39  Shield Battery  
  69  8:48  Phoenix  
  71  9:00  Photon Cannon  
  71  9:02  Phoenix  
  71  9:05  Probe  
  74  9:18  Pylon  
  74  9:20  Probe  
  75  9:30  Stargate  
  75  9:36  Phoenix  
  76  9:45  Phoenix  
  78  9:56  Photon Cannon x2  
  78  9:57  Shield Battery  
  78  10:03  Pylon  
  78  10:04  Photon Cannon  
  78  10:05  Pylon  
  78  10:10  Carrier (Chrono Boost)  
  84  10:33  Photon Cannon  
  84  10:34  Photon Cannon  
  84  10:35  Photon Cannon  
  84  10:36  Photon Cannon  
  84  10:38  Pylon  
  84  10:45  Protoss Air Weapons Level 3 (Chrono Boost)  
  84  11:03  Carrier  
  84  11:08  Photon Cannon  
  84  11:09  Photon Cannon  
  84  11:11  Photon Cannon  
  84  11:13  Pylon  
  84  11:15  Pylon  
  90  11:29  Carrier  
  84  12:10  Pylon  
  84  12:11  Pylon  
  84  12:13  Pylon  
  84  12:15  Pylon  
  84  12:25  Carrier (Chrono Boost)  
  84  12:27  Nexus  
  84  12:28  Pylon  
  90  12:32  Pylon  
  90  12:34  Pylon  
  90  12:38  Pylon  
  90  12:41  Assimilator  
  90  12:49  Shield Battery  
  90  13:06  Carrier (Chrono Boost)  
  96  13:16  Photon Cannon  
  96  13:20  Probe  
  97  13:29  Photon Cannon  
  97  13:40  Photon Cannon  
  97  13:43  Probe  
  98  13:57  Anion Pulse-Crystals, Probe x3  
  101  14:09  Probe  
  102  14:13  Protoss Air Armor Level 1 (Chrono Boost)  
  102  14:16  Pylon  
  102  14:33  Carrier (Chrono Boost)  
  108  14:39  Carrier (Chrono Boost)  
  114  14:47  Probe  
  114  14:48  Probe  
  114  14:49  Carrier (Chrono Boost)  
  120  15:14  Pylon  
  118  15:27  Carrier (Chrono Boost)  
  124  15:43  Carrier (Chrono Boost)  
  126  16:04  Phoenix (Chrono Boost)  
  126  16:13  Nexus  
  126  16:14  Pylon x2  
  126  16:17  Assimilator  
  126  16:19  Pylon  
  126  16:21  Assimilator  
  126  16:24  Probe x2  
  128  16:27  Stargate  
  128  16:35  Stargate  
  128  16:44  Phoenix  
  130  16:52  Phoenix  
  132  16:54  Probe  
  133  17:02  Phoenix  
  135  17:12  Phoenix  
  137  17:19  Probe x3  
  137  17:21  Photon Cannon  
  140  17:27  Shield Battery  
  140  17:29  Probe  
  141  17:39  Protoss Air Armor Level 2 (Chrono Boost)  
  138  17:58  Probe x2  
  138  17:59  Probe x2  
  141  18:08  Carrier (Chrono Boost)  
  141  18:10  Probe x2  
  149  18:21  Carrier (Chrono Boost)  
  161  18:46  Carrier (Chrono Boost)  
  161  18:47  Shield Battery, Photon Cannon  
  161  18:49  Pylon  
  161  18:54  Pylon  
  161  19:02  Carrier (Chrono Boost)  
  161  19:09  Tempest (Chrono Boost)  
  177  19:23  Tempest (Chrono Boost)  
  182  19:34  Tempest (Chrono Boost)  
  188  19:47  Carrier (Chrono Boost)  
  194  19:54  Mothership (Chrono Boost)  
  199  20:10  Pylon  
  199  20:15  Photon Cannon  
  199  20:16  Photon Cannon  
  198  20:29  Tempest (Chrono Boost)  
  186  20:36  Tempest (Chrono Boost)  
  189  20:43  Tempest (Chrono Boost)  
  194  21:00  Photon Cannon  
  194  21:02  Photon Cannon  
  194  21:04  Tempest (Chrono Boost)  
  197  21:19  Photon Cannon  
  197  21:30  Photon Cannon  
  195  21:40  Tempest (Chrono Boost)  
  200  21:49  Stargate  
  200  21:54  Assimilator  
  199  22:45  Photon Cannon x2  
  199  22:48  Pylon  
  199  22:55  Pylon  
  199  23:08  Robotics Facility  
  199  23:10  Stargate  
  199  23:12  Pylon  
  198  23:14  Pylon  
  198  23:17  Stargate  
  198  23:19  Pylon  
  198  23:38  Photon Cannon  
  198  23:39  Photon Cannon  
  198  23:41  Photon Cannon  
  198  23:42  Shield Battery  
  198  23:44  Pylon  
  198  23:48  Protoss Shields Level 1 (Chrono Boost)  
  198  23:59  Pylon  
  198  24:04  Observer (Chrono Boost), Protoss Air Armor Level 3 (Chrono Boost)  
  199  24:15  Observer (Chrono Boost)  
  200  24:20  Photon Cannon  
  200  24:21  Photon Cannon  
  200  24:23  Photon Cannon  
  200  24:24  Photon Cannon  
  200  24:28  Nexus  
  200  24:32  Pylon  
  200  24:36  Photon Cannon  
  192  25:46  Tempest  
  192  25:58  Tempest  
  192  26:01  Observer  
  198  26:19  Observer  
  198  26:20  Probe  
  193  26:26  Tempest  
  196  26:38  Tempest  
  196  26:46  Photon Cannon  
  196  26:47  Photon Cannon  
  196  26:49  Photon Cannon  
  196  26:50  Shield Battery  
  196  27:29  Pylon  
  196  27:32  Photon Cannon  
  196  27:33  Photon Cannon  
  196  27:35  Photon Cannon  
  196  27:37  Photon Cannon  
  196  27:41  Photon Cannon  
  196  27:43  Photon Cannon  
  196  27:44  Photon Cannon  
  196  27:45  Photon Cannon  
  196  27:46  Pylon  
  132  28:03  Tempest (Chrono Boost)  
  132  28:05  Tempest (Chrono Boost)  
Show
View Real Time Build Order
Export as new Build Order

DeMu Protoss 

Build Orders: Nexus First 

Get SALT Encoding   

  12  0:03  Probe  
  13  0:35  Pylon  
  13  0:38  Probe  
  14  0:50  Probe  
  15  0:58  Nexus  
  15  1:02  Probe  
  16  1:16  Forge  
  16  1:23  Probe  
  17  1:28  Pylon  
  17  1:35  Probe  
  18  2:00  Probe  
  19  2:03  Assimilator x2  
  19  2:10  Gateway  
  19  2:16  Photon Cannon  
  19  2:26  Photon Cannon  
  19  2:28  Pylon  
  20  2:30  Probe x2  
  21  2:38  Photon Cannon  
  20  2:48  Photon Cannon  
  20  2:50  Photon Cannon  
  19  2:53  Probe x2  
  18  3:05  Probe x2  
  19  3:17  Probe  
  21  3:20  Probe  
  21  3:24  Cybernetics Core  
  21  3:29  Photon Cannon  
  21  3:32  Probe  
  22  3:36  Cybernetics Core  
  22  3:43  Pylon  
  22  3:46  Probe (Chrono Boost)  
  23  3:49  Probe (Chrono Boost)  
  24  3:58  Probe (Chrono Boost)  
  24  3:59  Probe (Chrono Boost)  
  24  4:02  Probe (Chrono Boost)  
  26  4:05  Probe (Chrono Boost)  
  28  4:12  Probe (Chrono Boost)  
  28  4:17  Probe (Chrono Boost)  
  30  4:22  Probe (Chrono Boost), Stargate  
  31  4:24  Probe (Chrono Boost)  
  31  4:30  Probe (Chrono Boost)  
  33  4:32  Probe (Chrono Boost)  
  34  4:43  Stargate  
  34  4:44  Probe x2 (Chrono Boost)  
  36  4:49  Assimilator  
  36  4:52  Assimilator  
  36  4:53  Probe  
  36  4:55  Probe  
  38  5:05  Probe  
  39  5:07  Probe  
  44  5:21  Pylon  
  44  5:23  Pylon  
  44  5:35  Pylon  
  44  5:36  Pylon  
  40  5:53  Probe  
  27  6:05  Probe  
  24  6:17  Probe  
  25  6:20  Nexus  
  25  6:29  Probe  
  25  6:30  Pylon  
  26  6:41  Probe  
  26  6:44  Pylon  
  27  6:53  Probe  
  36  6:56  Void Ray x2 (Chrono Boost)  
  36  7:02  Cybernetics Core  
  36  7:05  Probe  
  37  7:09  Pylon  
  37  7:18  Probe  
  38  7:30  Probe  
  38  7:34  Fleet Beacon  
  39  7:40  Probe (Chrono Boost)  
  39  7:43  Probe (Chrono Boost)  
  42  7:51  Probe (Chrono Boost)  
  42  7:52  Probe (Chrono Boost)  
  43  8:01  Pylon  
  43  8:07  Probe  
  43  8:08  Probe  
  49  8:14  Void Ray (Chrono Boost)  
  54  8:28  Shield Battery, Tempest (Chrono Boost)  
  54  8:38  Photon Cannon  
  54  8:40  Pylon  
  58  8:50  Flux Vanes  
  58  8:57  Void Ray (Chrono Boost)  
  58  9:03  Cybernetics Core  
  58  9:06  Tempest (Chrono Boost)  
  61  9:16  Gateway  
  60  9:19  Photon Cannon  
  60  9:21  Pylon  
  60  9:22  Probe x2  
  62  9:31  Tempest  
  62  9:36  Probe  
  62  9:37  Probe  
  69  9:49  Protoss Air Weapons Level 1 (Chrono Boost)  
  69  9:51  Pylon  
  69  9:59  Probe x2  
  77  10:12  Robotics Facility, Probe x2  
  79  10:30  Tempest  
  79  10:34  Probe  
  79  10:38  Stargate  
  79  10:40  Stargate  
  76  10:58  Observer  
  76  11:01  Probe x2  
  79  11:13  Probe x2  
  79  11:16  Observer  
  79  11:17  Cybernetics Core  
  82  11:19  Pylon  
  82  11:20  Tempest  
  82  11:24  Tempest  
  96  11:29  Probe x2  
  96  11:31  Void Ray  
  96  12:15  Probe  
  91  12:36  Probe  
  92  12:37  Void Ray  
  92  12:38  Void Ray  
  92  12:44  Pylon x2  
  89  12:47  Protoss Air Armor Level 1 (Chrono Boost)  
  89  12:49  Protoss Air Weapons Level 2 (Chrono Boost)  
  86  12:56  Photon Cannon  
  86  12:57  Shield Battery  
  86  13:00  Stargate  
  86  13:14  Carrier (Chrono Boost)  
  86  13:15  Unknown  
  98  13:21  Carrier (Chrono Boost)  
  98  13:33  Probe  
  98  13:34  Probe  
  100  13:46  Probe  
  80  14:11  Probe x2  
  86  14:18  Void Ray (Chrono Boost)  
  86  14:25  Void Ray  
  86  14:27  Probe x2  
  87  14:39  Probe x2  
  89  14:48  Assimilator  
  89  14:51  Protoss Air Armor Level 2 (Chrono Boost), Probe x2  
  91  15:03  Probe x2  
  97  15:08  Void Ray  
  101  15:16  Void Ray  
  101  15:19  Stargate  
  101  15:22  Probe  
  101  15:23  Stargate  
  102  15:39  Photon Cannon  
  102  15:40  Probe x2  
  102  15:41  Photon Cannon  
  104  15:43  Pylon, Photon Cannon  
  104  15:46  Observer  
  104  15:49  Pylon  
  104  15:51  Shield Battery  
  104  15:52  Probe  
  104  15:53  Probe  
  104  15:54  Protoss Air Weapons Level 3 (Chrono Boost)  
  104  15:55  Observer  
  106  16:00  Carrier  
  112  16:18  Tempest  
  117  16:43  Tempest (Chrono Boost)  
  117  16:45  Probe x2  
  129  17:06  Tempest (Chrono Boost)  
  129  17:19  Probe x2  
  129  17:21  Void Ray (Chrono Boost)  
  132  17:50  Pylon  
  132  17:52  Pylon  
  132  17:55  Pylon x2  
  132  17:57  Pylon  
  132  18:04  Pylon  
  132  18:06  Pylon  
  132  18:08  Tempest  
  132  18:10  Tempest  
  146  18:14  Void Ray  
  146  18:32  Photon Cannon  
  146  18:34  Shield Battery  
  146  18:36  Shield Battery  
  146  18:42  Photon Cannon  
  146  18:44  Shield Battery  
  146  18:45  Shield Battery  
  142  18:53  Tempest  
  147  19:04  Shield Battery  
  147  19:06  Shield Battery  
  147  19:16  Tempest  
  152  19:31  Carrier  
  134  19:45  Probe  
  134  19:46  Probe  
  126  20:21  Carrier  
  126  20:27  Carrier  
  138  20:40  Observer  
  130  20:52  Carrier  
  136  21:26  Tempest  
  136  21:31  Tempest  
  146  22:06  Observer  
  147  22:13  Nexus  
  147  22:17  Assimilator x2  
  147  22:18  Pylon  
  143  22:40  Carrier  
  148  23:02  Carrier  
  154  23:08  Pylon  
  154  23:14  Photon Cannon  
  153  23:40  Carrier  
  159  23:58  Carrier  
  158  24:10  Shield Battery  
  157  24:21  Carrier  
  163  24:50  Carrier  
  169  25:10  Tempest  
  145  25:55  Tempest  
  137  26:07  Tempest  
  130  26:27  Tempest  
Show
View Real Time Build Order
Export as new Build Order

Lokman Terran 

Build Orders:  

Get SALT Encoding   

  12  0:00  SCV  
  13  0:12  SCV  
  14  0:23  Supply Depot  
  14  0:24  SCV  
  15  0:45  SCV  
  15  0:46  Barracks  
  16  0:50  Refinery  
  16  0:57  SCV  
  17  1:09  SCV  
  18  1:21  SCV  
  19  1:34  Orbital Command  
  19  1:39  Marine  
  20  1:42  Command Center  
  20  1:53  Supply Depot  
  20  1:56  Marine  
  20  2:01  SCV  
  22  2:08  Factory  
  22  2:13  SCV  
  23  2:23  Refinery  
  23  2:25  SCV  
  23  2:27  Barracks Reactor  
  24  2:32  Supply Depot  
  24  2:37  SCV  
  25  2:49  SCV  
  26  2:55  Orbital Command  
  26  3:01  SCV  
  26  3:02  Cyclone  
  29  3:06  Starport  
  29  3:08  Marine x2  
  31  3:13  SCV  
  31  3:14  Supply Depot  
  32  3:22  SCV  
  32  3:25  SCV  
  34  3:28  Barracks  
  34  3:30  Marine  
  34  3:34  SCV, Marine  
  35  3:37  Factory Tech Lab  
  37  3:42  SCV  
  37  3:46  SCV  
  37  3:47  Medivac  
  41  3:54  SCV  
  42  3:55  Supply Depot  
  42  3:58  SCV  
  42  4:00  Marine x2  
  45  4:05  Siege Tank  
  45  4:06  SCV  
  49  4:16  Barracks Tech Lab  
  49  4:19  Orbital Command  
  49  4:27  Liberator  
  49  4:31  SCV  
  53  4:41  Supply Depot, Marine  
  53  4:42  Marine  
  53  4:43  SCV  
  53  4:44  Factory Reactor  
  56  4:47  Marine, Stimpack  
  56  4:50  SCV  
  58  4:55  SCV  
  58  4:59  Marine x2  
  60  5:02  SCV  
  60  5:05  Marine  
  63  5:07  SCV  
  63  5:11  Refinery x2  
  65  5:14  SCV  
  65  5:15  Supply Depot, Starport Reactor  
  65  5:17  Marine x2  
  65  5:19  SCV  
  68  5:23  Marine  
  69  5:34  SCV  
  69  5:35  Marine x2  
  71  5:38  Barracks  
  71  5:41  Marine  
  71  5:42  SCV  
  74  5:46  SCV  
  75  5:53  Marine x2  
  75  5:54  SCV  
  75  5:58  SCV  
  75  5:59  Marine  
  75  6:01  Siege Tank  
  75  6:04  Engineering Bay  
  80  6:05  Engineering Bay  
  80  6:10  Marine  
  80  6:11  Marine, Barracks  
  82  6:15  Barracks  
  82  6:19  SCV x2  
  84  6:26  Combat Shield, Medivac  
  86  6:35  Supply Depot  
  86  6:36  Supply Depot  
  86  6:44  Terran Infantry Weapons Level 1, Terran Infantry Armor Level 1  
  86  6:48  Supply Depot  
  86  6:50  Supply Depot  
  86  6:51  Supply Depot  
  86  6:53  Marine  
  86  6:54  Marine  
  86  7:03  Marine  
  86  7:04  Marine  
  86  7:05  Marine  
  86  7:06  Medivac  
  86  7:10  Siege Tank  
  86  7:11  Marine  
  86  7:12  Marine  
  86  7:13  Barracks Tech Lab  
  86  7:14  Barracks Tech Lab  
  89  7:15  SCV  
  89  7:17  Supply Depot, Ghost Academy  
  89  7:21  Marine, Command Center  
  89  7:22  Marine x2  
  91  7:27  Medivac  
  91  7:29  Marine  
  96  7:36  Medivac  
  96  7:39  Marine  
  96  7:40  Marine x2, Marauder  
  96  7:41  Marine  
  96  7:42  Siege Tank  
  105  7:47  Marauder  
  106  7:57  Concussive Shells  
  106  7:58  Marine, Marauder  
  108  7:59  Marine x3  
  108  8:02  Marauder  
  114  8:10  Marine  
  115  8:13  Medivac  
  115  8:14  Medivac  
  115  8:16  Marine x2  
  115  8:17  Marine  
  122  8:27  Siege Tank, Marine  
  122  8:31  Marine x2  
  125  8:43  Medivac x2  
  125  8:45  Marine x2  
  125  8:46  Marine x3  
  134  8:49  Marine x2  
  134  8:51  Armory  
  123  9:13  Medivac  
  121  9:18  Medivac  
  121  9:19  Siege Tank, Marine x2  
  121  9:20  Marauder x2  
  121  9:21  Marine x2, Marauder  
  136  9:37  Marine  
  137  9:41  Ghost  
  139  9:50  Medivac x2  
  141  9:55  Missile Turret  
  141  9:59  Missile Turret, Marauder  
  141  10:12  Marine  
  141  10:13  Marine  
  141  10:14  Marine  
  141  10:15  Marine  
  141  10:16  Marine  
  141  10:18  Marauder  
  141  10:20  Ghost  
  139  10:23  Viking x2  
  137  10:30  Marine, Ghost  
  137  10:32  Marine  
  141  10:46  Marine x2, Missile Turret  
  141  10:47  Supply Depot  
  141  10:58  Ghost x2  
  141  10:59  Marine x3  
  141  11:03  Marine  
  149  11:06  Thor  
  149  11:09  Marine  
  156  11:16  Missile Turret  
  156  11:17  Marine  
  157  11:39  SCV x2  
  138  11:50  Marine x2  
  138  11:51  SCV x2  
  132  12:05  Barracks  
  132  12:06  Barracks x3  
  132  12:08  Marine  
  128  12:11  Marine  
  122  12:26  Marine  
  122  12:27  Siege Tank  
  122  12:29  Marine  
  100  12:43  Marine  
  98  12:47  Marine  
  88  12:57  Marine x2  
  76  12:59  Siege Tank  
  76  13:01  Marine  
  76  13:05  Marine  
  56  13:06  Marine  
  56  13:07  Marine  
  34  13:15  Marine x2  
  34  13:19  Marine  
  25  13:23  Marine  
  25  13:24  Marine  
  1  14:35  Marine x2  
  3  15:22  Command Center  
Tags
 
Add a new tag
Caveats
  • Supply blocks, unpowered buildings, or Contaminate may cause inaccurate times.
  • Supply counts are checked every 10 seconds.